 Dungeon Crawl Stone Soup version 0.31-a0-803-g95b03c3367 (webtiles) character file.

Game seed: 5684567433234590973

809 Maratek the Trooper (level 7, -6/72 HPs)
             Began as an Ogre Fighter on Sept 20, 2023.
             Was a Follower of Trog.
             Mangled by an ogre
             ... wielding a +0 giant club
              (21 damage)
             ... on level 6 of the Dungeon.
             The game lasted 00:08:04 (4198 turns).

Maratek the Trooper (Ogre Fighter)                  Turns: 4198, Time: 00:08:04

Health: -6/72      AC:  3    Str: 29    XL:     7   Next: 92%
Magic:  7/7        EV:  9    Int:  9    God:    Trog [*.....]
Gold:   470        SH:  9    Dex:  8    Spells: 6/6 levels left

rFire   . . .        k - +8 hand axe of Doubt {spect, Stlth+}
rCold   . . .        c - +1 kite shield
rNeg    . . .        b - +0 robe
rPois   .            (helmet restricted)
rElec   .            a - scarf {+Inv}
rCorr   .            (gloves unavailable)
SInv    .            (boots unavailable)
Will    +....        (no amulet)
Stlth   +++          h - ring of willpower
HPRegen 0.32/turn    j - +6 ring of strength
MPRegen 0.10/turn

%: no passive effects
@: no status effects
A: large, unfitting armour, tough skin 1
a: Renounce Religion, Evoke Invisibility, Berserk


You were on level 6 of the Dungeon.
You worshipped Trog.
Trog was aware of your devotion.
You visited 1 branch of the dungeon, and saw 6 of its levels.

You collected 470 gold pieces.

Inventory:

Hand Weapons
 k - the +8 hand axe of Doubt (weapon) {spect, Stlth+}
   (You found it on level 2 of the Dungeon)

   Stlth+:    It makes you more stealthy.
Armour
 a - a scarf of invisibility (worn)
 b - a +0 robe (worn)
 c - a +1 kite shield (worn)
Jewellery
 h - a ring of willpower (left hand)
 j - a +6 ring of strength (right hand)
 o - a ring of protection from fire
 r - a ring of protection from cold
Wands
 s - a wand of charming (8)
Scrolls
 q - 2 scrolls of teleportation
Potions
 d - a potion of might
 e - a potion of heal wounds {unknown}
 f - a potion of enlightenment {unknown}
 g - 2 potions of curing
 l - 4 potions of brilliance
 m - a potion of lignification {unknown}
 p - 2 potions of berserk rage


   Skills:
 + Level 5.6 Fighting
 + Level 4.2(4.7) Axes
 + Level 3.0(4.1) Polearms
 + Level 4.4 Dodging
 + Level 2.8 Stealth
 + Level 4.2 Shields


You had 6 spell levels left.
You didn't know any spells.
Your spell library was empty.

Dungeon Overview and Level Annotations

Branches:
Dungeon (6/15)             Temple (0/1) D:4

Altars:
Cheibriados
Trog

Shops:
D:3 *


Innate Abilities, Weirdness & Mutations

You are too large for most types of armour.
You have tough skin. (AC +1)


Message History

Trog accepts your kill.
The orc shouts!
You block the orc's attack.
Items here: )) [ †.
You closely miss the orc. The orc hits you with a +0 club.
You completely miss the orc. The orc hits you with a +0 club.
You slash the orc!
You kill the orc!
Trog accepts your kill.
No target in view!
An ogre comes into view. It is wielding a +0 giant club.
An ogre is nearby!
An ogre is nearby!
You see here a +0 club.
You barely miss the ogre. The ogre hits you with a +0 giant club.
You hit the ogre.
The ogre is moderately wounded.
The ogre hits you with a +0 giant club!
You completely miss the ogre.
The ogre is moderately wounded.
The ogre hits you with a +0 giant club.
You hit the ogre.
The ogre is moderately wounded.
The ogre hits you with a +0 giant club!
You are too injured to fight recklessly!
You are too injured to fight recklessly!
You are too injured to fight recklessly!
You hit the ogre.
The ogre is heavily wounded.
You hit the ogre.
The ogre is severely wounded.
The ogre barely misses you.
You slash the ogre!
The ogre is almost dead.
The ogre hits you with a +0 giant club!!
* * * LOW HITPOINT WARNING * * *
You barely miss the ogre.
The ogre is almost dead.
The ogre hits you with a +0 giant club!!
You die...

##############
......O@.))..#
#####################)#
.<...............####.#
........>######.....#.#
.........<..........#.#
..........####...#..#.#
...###..............#.#
.#####......<....#..#.#
.....#.........#......#


You could see an ogre.

Vanquished Creatures
  2 black bears (D:4)
  A scorpion (D:5)
  A hound (D:5)
  2 orc priests
  A gnoll bouda (D:4)
  3 iguanas
  4 orc wizards
  8 gnolls
  6 adders
  A shadow imp (D:5)
  4 ufetubi
  4 worms
  2 dart slugs
  18 orcs
  6 ball pythons
  10 endoplasms
  3 giant cockroaches
  9 goblins
  4 hobgoblins
  3 kobolds
  3 quokkas
  3 bats
  3 frilled lizards
  2 rats
103 creatures vanquished.

Notes
Turn   | Place    | Note
-------+----------+-------------------------------------------
     0 | D:1      | Maratek the Ogre Fighter began the quest for the Orb.
     0 | D:1      | Reached XP level 1. HP: 24/24 MP: 1/1
   182 | D:1      | Found a faded altar of an unknown god.
   308 | D:1      | Reached XP level 2. HP: 29/32 MP: 2/2
   789 | D:2      | Identified the +8 hand axe of Doubt {spect, Stlth+}
   865 | D:2      | Reached XP level 3. HP: 40/40 MP: 3/3
   906 | D:2      | Reached XP level 4. HP: 22/49 MP: 4/4
  1822 | D:3      | Found a snail-covered altar of Cheibriados.
  1850 | D:3      | Reached skill level 1 in Stealth
  1891 | D:3      | Reached XP level 5. HP: 49/55 MP: 5/5
  1893 | D:3      | Reached skill level 1 in Axes
  1984 | D:3      | Found Putsae's General Store.
  2386 | D:4      | Found a bloodstained altar of Trog.
  2420 | D:4      | Became a worshipper of Trog the Wrathful
  2463 | D:4      | Reached skill level 5 in Fighting
  2467 | D:4      | Reached XP level 6. HP: 58/66 MP: 6/6
  2528 | D:4      | Noticed a black bear
  2535 | D:4      | Noticed a black bear
  2544 | D:4      | Killed a black bear
  2592 | D:4      | Killed a black bear
  2593 | D:4      | Reached XP level 7. HP: 17/72 MP: 7/7
  2700 | D:4      | Found a staircase to the Ecumenical Temple.
  2702 | D:4      | Reached * piety under Trog
  3392 | D:5      | Entered Level 5 of the Dungeon
  4198 | D:6      | Mangled by an ogre

Illustrated notes

Levels and vault maps discovered:
D:1:      minmay_arrival_doors, layout_loops_ring,
          dilly_ecumenical_altar_fadedgnrine, amcnicky_mini_corridor_feature
D:2:      layout_loops_cross, kennysheep_small_spiral
D:3:      layout_rooms, amcnicky_altar_gilded, serial_shops, shop,
          kennysheep_pointless_box, minmay_misc_feat_columns,
          kennysheep_generic_room_13
D:4:      layout_cave_pools, mainiacjoe_overflow_catwalk,
          minmay_temple_entry_glass, minmay_fountain_box,
          minmay_misc_feat_enclosed, minmay_vboxes
D:5:      layout_loops_ring
D:6:      layout_basic, kennysheep_generic_room_2, uniq_pikel, uniq_sigmund,
          uniq_jeremiah

Skill      XL: |  1  2  3  4  5  6  7 |
---------------+----------------------+-----
Dodging        | 3 4 |  4.4
Stealth        | 1 2 |  2.8
Polearms       | 3 |  3.0
Axes           | 2 3 4 |  4.2
Fighting       | 5 |  5.6
Shields        | 4 |  4.2

Action                     |  1- 3 |  4- 6 |  7- 9 || total
---------------------------+-------+-------+-------++-------
  Melee: Trident           |    44 |       |       ||    44
         Hand axe          |    10 |    82 |    66 ||   158
  Evoke: Wand              |       |     1 |       ||     1
    Use: Scroll            |       |       |     8 ||     8
   Stab: Sleeping          |     3 |     6 |     5 ||    14
 Armour: Robe              |    23 |    49 |    38 ||   110
  Dodge: Dodged            |    14 |    29 |    16 ||    59
  Block: Kite shield       |    20 |    29 |    16 ||    65

Table legend: (Time is in decaauts)
 A = Elapsed time spent in this place.
 B = Non-inter-level travel time spent in this place.
 C = Inter-level travel time spent in this place.
 D = Time resting spent in this place.
 E = Time spent auto-exploring this place.
 F = Levels seen in this place.
 G = Mean time per level.
                   A        B        C        D        E       F      G
               +--------+--------+--------+--------+--------+-----+--------+
         Total |   4247 |   4160 |     87 |    682 |   2821 |   6 |  707.8 |
       Dungeon |   4247 |   4160 |     87 |    682 |   2821 |   6 |  707.8 |
               +--------+--------+--------+--------+--------+-----+--------+

Top non-repeatable levels by time:
     D:2: 1082 daAuts
     D:4: 1023 daAuts
     D:1: 756 daAuts
     D:5: 719 daAuts
     D:3: 573 daAuts
     D:6: 92 daAuts
